 Dungeon Crawl Stone Soup version 0.27-a0-931-g5a74e75d8f (webtiles) character file.

Game seed: 3711580302096217604

144 Alarkh the Ruffian (level 5, 45/45 HPs)
             Began as a Demonspawn Gladiator on Apr 10, 2021.
             Got out of the dungeon alive.
             The game lasted 00:02:07 (2534 turns).

Alarkh the Ruffian (Demonspawn Gladiator)           Turns: 2534, Time: 00:02:07

Health: 45/45      AC:  4    Str: 15    XL:     5   Next: 5%
Magic:  5/5        EV: 14    Int: 10    God:
Gold:   69         SH:  0    Dex: 14    Spells: 4/4 levels left

rFire    . . .     SeeInvis .     - Unarmed
rCold    . . .     Faith    .   (no shield)
rNeg     . . .     Spirit   .   a - +0 leather armour
rPois    +         Reflect  .   b - +0 helmet
rElec    .         Harm     .   (no cloak)
rCorr    .         Rampage  .   (no gloves)
Will     .....                  (no boots)
Stlth    +.........             (no amulet)
HPRegen  0.15/turn              (no ring)
MPRegen  0.09/turn              (no ring)

@: no status effects
A: claws 1, repulsion field 1, demonic magic 1, sense surroundings 1, poison
resistance, robust 1, MP-powered wands
a: no special abilities


You escaped.
You visited 1 branch of the dungeon, and saw 3 of its levels.

You collected 69 gold pieces.

Inventory:

Missiles
 c - 4 throwing nets (quivered)
 h - 12 poisoned darts
Armour
 a - a +0 leather armour (worn)
 b - a +0 helmet (worn)
Magical Staves
 g - a staff of cold
Scrolls
 e - a scroll of teleportation {unknown}
 f - 3 scrolls of enchant armour {unknown}
Potions
 d - a potion of degeneration {unknown}
 i - 2 potions of heal wounds {unknown}
 j - 3 potions of curing {unknown}
 k - a potion of mutation


   Skills:
 + Level 3.3 Fighting
 - Level 1.7 Throwing
 - Level 2.6 Dodging
 * Level 4.6 Unarmed Combat


You had 4 spell levels left.
You didn't know any spells.
Your spell library was empty.

Dungeon Overview and Level Annotations

Branches:
Dungeon (3/15)

Altars:
Kikubaaqudgha


Innate Abilities, Weirdness & Mutations

You have sharp fingernails.
You are surrounded by a mild repulsion field. (EV +2)
Spells you cast may paralyse adjacent enemies.
You passively map a small area around you.
Your system is resistant to poisons. (rPois)
You are robust. (+10% HP)
You expend magic power (3 MP) to strengthen your wands.


Message History

You scratch the adder.
You kill the adder!
The dart slug launches a dart at you. The slug dart hits you.
You have reached level 5!
Your demonic ancestry asserts itself...
A menacing aura infuses your magic.
You see here an adder corpse.
You claw the dart slug!
The dart slug is almost dead.
The dart slug launches a dart at you. The slug dart hits you.
You scratch the dart slug.
You kill the dart slug!
No target in view!
No target in view!
No target in view!
No target in view!
No target in view!
Sorry, you're not good enough to have a special ability.
Sorry, you're not good enough to have a special ability.
Unknown command.
(D) Dungeon
Where to? (Enter - D:3, ? - help)
There is a stone staircase leading up here.
You climb upwards.
There is a stone staircase leading down here.
(D) Dungeon
Where to? (Enter - D:2, ? - help) HP restored.
There is a stone staircase leading up here.
You climb upwards.
There is a stone staircase leading down here.
(D) Dungeon
Where to? (Enter - D:1, ? - help)
Okay, then.
Unknown command.
There is a staircase leading out of the dungeon here.
Are you sure you want to leave the Dungeon?
This will make you lose the game!
You have escaped!

#..#.##.### #..##.#
#.# #...#....#
##.###.# #.#
####.#######.## #.#
#.# # #...####..#
#.####.#
######.......#
#...##.#
.....###..##.##
###....#
...#...#..##..###
#..###
...###.##.......###..#
...# #..##...##.@##..#
...# ###.##########..#
...# #..### #### ..>#
##...## ...# ###(.#
...# ##.## ...# #..##
...# ##..# #### ####


There were no monsters in sight!

Vanquished Creatures
  A gnoll (D:1)
  7 adders
  2 worms
  A dart slug (D:3)
  6 orcs (D:3)
  6 ball pythons
  A bat zombie (D:3)
  3 endoplasms
  2 giant cockroaches (D:1)
  5 goblins
  3 hobgoblins
  2 jackals (D:1)
  5 quokkas
  6 bats
  3 frilled lizards
  A kobold (D:3)
  4 rats
  3 rat zombies (D:3)
61 creatures vanquished.

Notes
Turn   | Place    | Note
-------+----------+-------------------------------------------
     0 | D:1      | Alarkh the Demonspawn Gladiator began the quest for the
                  | Orb.
     0 | D:1      | Reached XP level 1. HP: 16/16 MP: 1/1
   236 | D:1      | Found a faded altar of an unknown god.
   243 | D:1      | Reached skill level 3 in Unarmed Combat
   305 | D:1      | Gained mutation: You have sharp fingernails. [demonic
                  | ancestry]
   305 | D:1      | Reached XP level 2. HP: 2/22 MP: 2/2
   305 | D:1      | Gained mutation: You passively map a small area around you.
                  | [potion of mutation]
   305 | D:1      | Gained mutation: You expend magic power (3 MP) to
                  | strengthen your wands. [potion of mutation]
   305 | D:1      | Gained mutation: Your system is resistant to poisons.
                  | (rPois) [potion of mutation]
   305 | D:1      | Gained mutation: You are robust. (+10% HP) [potion of
                  | mutation]
   857 | D:1      | Gained mutation: You are surrounded by a mild repulsion
                  | field. (EV +2) [demonic ancestry]
   857 | D:1      | Reached XP level 3. HP: 27/30 MP: 3/3
  1498 | D:2      | Reached skill level 4 in Unarmed Combat
  1498 | D:2      | Reached XP level 4. HP: 30/37 MP: 4/4
  2337 | D:3      | Found an ancient bone altar of Kikubaaqudgha.
  2403 | D:3      | Gained mutation: Spells you cast may paralyse adjacent
                  | enemies. [demonic ancestry]
  2403 | D:3      | Reached XP level 5. HP: 39/45 MP: 5/5
  2534 | D:$      | Got out of the dungeon alive.

Illustrated notes

Levels and vault maps discovered:
D:1:      lemuel_arrival_tunnels, layout_rooms, shapermc_ecumenical_altar_venn
D:2:      layout_basic
D:3:      layout_loops_ring, lemuel_zombie_altar_kikubaaqudgha

Skill      XL: |  1  2  3  4 |
---------------+-------------+-----
Unarmed Combat | 3 4 |  4.6
Fighting       | 3 |  3.3
Throwing       | |  1.7
Dodging        | |  2.6

Action                   |  1- 3 |  4- 6 || total
-------------------------+-------+-------++-------
Melee: Unarmed           |   111 |    96 ||   207
       Punch             |     2 |     1 ||     3
Throw: Throwing net      |     1 |       ||     1
  Use: Potion            |     1 |       ||     1
Armor: Leather armour    |    39 |    12 ||    51
Dodge: Dodged            |    88 |    60 ||   148

Table legend: (Time is in decaauts)
 A = Elapsed time spent in this place.
 B = Non-inter-level travel time spent in this place.
 C = Inter-level travel time spent in this place.
 D = Time resting spent in this place.
 E = Time spent auto-exploring this place.
 F = Levels seen in this place.
 G = Mean time per level.
                   A        B        C        D        E       F      G
               +--------+--------+--------+--------+--------+-----+--------+
         Total |   2519 |   2342 |    177 |    106 |   1846 |   3 |  839.7 |
       Dungeon |   2519 |   2342 |    177 |    106 |   1846 |   3 |  839.7 |
               +--------+--------+--------+--------+--------+-----+--------+

Top non-repeatable levels by time:
     D:1: 1141 daAuts
     D:2: 891 daAuts
     D:3: 487 daAuts
